Cogmind - Beta 13 @@@ ROGUE MODE // 2024.03.11 @ 13:19:24 Player: Infomantis Result: Destroyed by I9-ZJ3(R) with Subdweller Laser Performance ------------- Evolutions (0) 0 Regions Visited (2) 400 Robots Destroyed (31) 155 Value Destroyed (878) 878 Prototype IDs (12) 240 Alien Tech Used (0) 0 Bonus (0) 0 TOTAL SCORE: 1673 Bonus ------- None Cogmind --------- Core Integrity 0/250 Matter 148/300 Energy 98/100 System Corruption 0% Temperature Cool (6) Movement Core (50) Location -10/Subcaves Parts ------- > --- POWER (1) -------- (None) > --- PROPULSION (2) --- (None) > --- UTILITY (2) ------ (None) > --- WEAPON (2) ------- Barrage Gun > --- INVENTORY (5) ---- Arachnoskeleton Makeshift Kinetic Plating Grenade Launcher Peak State ------------ > --- POWER ------------ Ion Engine > --- PROPULSION ------- Spiked Treads Spiked Treads > --- UTILITY ---------- Medium Storage Unit Makeshift Light Armor Plating > --- WEAPON ----------- Battle Cannon Slug Cannon > --- INVENTORY -------- Ion Engine Spiked Treads Arachnoskeleton Subdweller Optics Makeshift Kinetic Plating Barrage Gun Slug Cannon Grenade Launcher [Rating: 19] Favorites ----------- Power Ion Engine Engine Ion Engine Propulsion Light Treads Treads Light Treads Utility Medium Storage Unit Device Seismic Detector Storage Medium Storage Unit Protection Makeshift Light Armor Plating Weapon Battle Cannon Energy Gun Small Laser Ballistic Gun Barrage Gun Ballistic Cannon Battle Cannon Launcher Grenade Launcher Build | -11 -10 -10 ------- Run | Yrd Mat Sub Slots Evolved . | . . . Power . | . . . Propulsion . | . . . Utility . | . . . Weapon . | . . . Parts Attached 34 | 8 8 18 Power 3 | 1 1 1 Engine 3 | 1 1 1 Core . | . . . Reactor . | . . . Propulsion 10 | 2 2 6 Treads 10 | 2 2 6 Leg . | . . . Wheel . | . . . Hover . | . . . Flight . | . . . Utility 8 | 2 1 5 Device 5 | 1 . 4 Storage 2 | 1 1 . Processor . | . . . Hackware . | . . . Protection 1 | . . 1 Artifact . | . . . Weapon 13 | 3 4 6 Energy Gun 4 | 3 1 . Energy Cannon . | . . . Ballistic Gun 1 | . . 1 Ballistic Cannon 6 | . 2 4 Launcher 2 | . 1 1 Special Weapon . | . . . Impact Weapon . | . . . Slashing Weapon . | . . . Piercing Weapon . | . . . Special Melee Weapon . | . . . Unidentified Prototypes . | . . . Parts Lost 8 | . . 8 Power 2 | . . 2 Propulsion 3 | . . 3 Utility . | . . . Weapon 3 | . . 3 Highest Loss Streak 6 | . . 6 To Critical Strikes . | . . . Average Slot Usage (%) 97 | . 99 96 Engine 13 | . 14 13 Treads 26 | . 27 26 Device 9 | . 14 8 Storage 13 | . 14 13 Protection 3 | . . 5 Energy Gun 3 | . 13 . Ballistic Cannon 23 | . 13 26 Naked Turns . | . . . Heaviest Build 29 | 14 22 29 Greatest Support 40 | 40 40 40 Greatest Overweight (x) 1 | . . 1 Average Overweight (x) . | . . . Largest Inventory Capacity 10 | 8 10 10 Average Capacity 9 | 7 8 9 Most Carried 10 | 8 10 10 Average Carried 8 | 3 8 9 Final Capacity 10 | 8 10 5 Final Carried 10 | 8 10 5 Class Distribution -------------------- 43% | Mutant 40% | Derelict-Mutant 16% | Scavenger-Mutant Dominant Class ---------------- Mutant | -10/Materials Derelict-Mutant | -10/Subcaves Resources | -11 -10 -10 ----------- Run | Yrd Mat Sub Matter Collected 1208 | 280 168 760 Remotely . | . . . Salvage Created 692 | 50 343 299 Parts 41 | 12 17 12 Haulers Intercepted 1 | . 1 . Recyclers Shooed . | . . . Parts Field Recycled . | . . . Retrieved Matter . | . . . Parts Self-Destructed 6 | . . 6 Prevented . | . . . Kills | -11 -10 -10 ------- Run | Yrd Mat Sub Combat Hostiles Destroyed 26 | . 11 15 Guns 5 | . 5 . Cannons 18 | . 4 14 AOE 3 | . 2 1 Classes Destroyed 8 | 1 4 3 Tunneler 3 | 3 . . Hauler 1 | . 1 . Recycler 1 | . 1 . Swarmer 6 | . 6 . Grunt 7 | . 5 2 Sentry 1 | . . 1 Cobbler 1 | . . 1 Subdweller 12 | . . 12 Best Kill Streak 4 | 2 4 2 Combat Bots Only 3 | . 3 2 Max Kills in Single Turn 3 | 1 3 1 Gunslinging . | . . . Exploded 2 | . 2 1 Melee . | . . . Uniques/NPCs Destroyed . | . . . Combat | -11 -10 -10 -------- Run | Yrd Mat Sub Hostile Shots Fired 140 | . 50 90 Missed 35 | . 16 19 Damage Taken 2007 | . 335 1672 Core 251 | . 77 174 Absorbed by Shields . | . . . Regen/Repaired (Parts) 68 | . 68 . Core Remaining (%) 100 | 100 . . Volleys Fired 116 | 10 26 80 Largest 2 | 2 2 2 Hottest 96 | 90 80 96 Shots Fired 209 | 20 49 140 Gun 50 | 20 26 4 Cannon 156 | . 22 134 Launcher 3 | . 1 2 Special . | . . . Kinetic 160 | . 22 138 Thermal 46 | 20 26 . Explosive 3 | . 1 2 Electromagnetic . | . . . Robot Hit Streak 19 | 6 13 19 Robot Miss Streak 5 | 5 4 3 Penetration Max . | . . . Secondary Targets . | . . . Shots Hit Robots 134 | 12 35 87 Core Hits 50 | 4 20 26 Critical Kills 1 | . . 1 Critical Parts Destroyed . | . . . Critical Strikes 7 | . 1 6 Destroy 4 | . . 4 Blast 3 | . 1 2 Melee Attacks . | . . . Impact . | . . . Slashing . | . . . Piercing . | . . . Sneak Attacks . | . . . Combat Hostiles . | . . . Follow-up Attacks . | . . . Damage Inflicted 2963 | 141 661 2161 Guns 401 | 141 232 28 Cannons 2326 | . 268 2058 Explosions 236 | . 161 75 Melee . | . . . Ramming . | . . . Kinetic 2354 | . 268 2086 Thermal 373 | 141 232 . Explosive 236 | . 161 75 Electromagnetic . | . . . Impact . | . . . Slashing . | . . . Piercing . | . . . Highest Corruption . | . . . Average Corruption . | . . . Corruption Purged . | . . . Corruption Blocked . | . . . Overload Shots . | . . . Overflow Damage 81 | . 42 39 Projectiles 45 | . 6 39 Explosions 36 | . 36 . Melee . | . . . Knockbacks 29 | . 5 24 Impact . | . . . Kinetic 27 | . 4 23 Secondary 2 | . 1 1 Self-Inflicted Damage 13 | . 13 . Shots 1 | . 1 . Rammed . | . . . Targets Rammed . | . . . Kicked . | . . . Crushed . | . . . Highest Temperature 183 | 180 183 9 Average Temperature 61 | 72 64 3 Received Heat Transfer 357 | . 99 258 Siege Activations . | . . . Robots Corrupted . | . . . Combat Hostiles . | . . . Parts Fried . | . . . Impact Corruptions . | . . . Robots Melted . | . . . Combat Hostiles . | . . . Parts Melted 2 | . 2 . Heat Transferred 921 | 360 561 . Parts Sabotaged . | . . . Parts Stolen . | . . . Parts Stripped . | . . . Power Chain Reactions . | . . . Alert | -11 -10 -10 ------- Run | Yrd Mat Sub Peak Influence 224 | 15 224 . Initial 9 | . 9 . Average 83 | 6 96 . Maximum Alert Level 1 | . 1 . Low Security (%) 97 | 100 97 . Level 1 2 | . 2 . Level 2 . | . . . Level 3 . | . . . Level 4 . | . . . Level 5 . | . . . High Security . | . . . Max Security . | . . . Squads Dispatched 1 | . 1 . Investigation 1 | . 1 . Extermination . | . . . Reinforcement . | . . . Assault . | . . . Garrison . | . . . Intercept . | . . . Searches Triggered . | . . . Construction Impeded . | . . . Haulers Reinforced . | . . . Active Scanning Responses . | . . . Cargo Convoy Interrupts . | . . . Stealth | -11 -10 -10 --------- Run | Yrd Mat Sub Distress Signals . | . . . Communications Jammed . | . . . Distress Signals . | . . . Times Spotted 44 | . 18 26 Peak Tracking Total 4 | . 4 3 Tactical Retreats 7 | . . 7 Traps | -11 -10 -10 ------- Run | Yrd Mat Sub Traps Triggered . | . . . Indirectly . | . . . Trap Hack Attempts . | . . . Triggered . | . . . Disarmed . | . . . Reprogrammed 4 | . 4 . Reused . | . . . Traps Extracted . | . . . Installed . | . . . Triggered . | . . . Machines | -11 -10 -10 ---------- Run | Yrd Mat Sub Machines Disabled 1 | . . 1 Max in Single Turn 1 | . . 1 Machines Repaired . | . . . Machines Dismantled . | . . . Machines Sabotaged . | . . . Overloaded Fab Kills . | . . . Hacking | -11 -10 -10 --------- Run | Yrd Mat Sub Machines Accessed 8 | . 7 1 Terminals 5 | . 5 . Fabricators . | . . . Repair Stations 1 | . 1 . Recycling Units 1 | . 1 . Scanalyzers . | . . . Garrison Access . | . . . Total Hacks 14 | . 13 1 Successful 13 | . 12 1 Failed 1 | . 1 . Catastrophic . | . . . Database Lockouts . | . . . Manual 5 | . 5 . Terminals 10 | . 10 . Fabricators . | . . . Repair Stations 2 | . 2 . Recycling Units 1 | . 1 . Scanalyzers . | . . . Garrison Access . | . . . Terminal Hacks 9 | . 8 1 Record 1 | . 1 . Prototype ID Bank 1 | . 1 . Locate Traps 1 | . 1 . Reprogram Traps 1 | . 1 . Maintenance Status 1 | . 1 . Patrol Status 1 | . 1 . Hauler Manifests 1 | . 1 . Zone Layout 1 | . 1 . Derelict Proto ID Bank 1 | . . 1 Fabricator Hacks . | . . . Repair Station Hacks 2 | . 2 . Scan Component 1 | . 1 . Repair 1 | . 1 . Recycling Unit Hacks . | . . . Scanalyzer . | . . . Garrison Access Hacks . | . . . Unauthorized Hacks 2 | . 2 . Terminals 1 | . 1 . Assimilate 1 | . 1 . Fabricators . | . . . Repair Stations . | . . . Recycling Units 1 | . 1 . Tunnel 1 | . 1 . Scanalyzers . | . . . Garrison Access . | . . . Data Cores Recovered . | . . . Used . | . . . Hacking Detections 3 | . 3 . Full Trace Events . | . . . Feedback Events . | . . . Feedback Blocked . | . . . Robot Schematics Acquired . | . . . Robots Built . | . . . Authchips . | . . . Time . | . . . Total Robot Build Rating . | . . . Part Schematics Acquired . | . . . Parts Built . | . . . Authchips . | . . . Time . | . . . Total Part Build Rating . | . . . Parts Repaired 1 | . 1 . Time 13 | . 13 . Parts Recycled . | . . . Recycled Matter . | . . . Retrieved Matter . | . . . Retrieved Components . | . . . Parts Scanalyzed . | . . . Part Schematics Acquired . | . . . Parts Damaged . | . . . Bothacking | -11 -10 -10 ------------ Run | Yrd Mat Sub Used RIF Installer . | . . . Robots Hacked . | . . . Non-combat . | . . . Combat . | . . . Robot Hacks Applied . | . . . Relay Couplers Released . | . . . Fabnet Peak Effective % . | . . . Robots Rewired . | . . . Allies Hacked . | . . . Hacks Repelled . | . . . Allies | -11 -10 -10 -------- Run | Yrd Mat Sub Total Allies 1 | . 1 . Largest Group 1 | . 1 1 Highest-Rated Group 10 | . 10 10 Highest-Rated Ally 10 | . 10 10 Total Orders . | . . . Ally Attacks . | . . . Total Damage . | . . . Kills . | . . . Allies Corrupted . | . . . Allies Melted . | . . . Intel | -11 -10 -10 ------- Run | Yrd Mat Sub Robot Analysis Total . | . . . Derelict Logs Recovered 2 | . . 2 Drone Launches . | . . . Drone Recoveries . | . . . Exploration | -11 -10 -10 ------------- Run | Yrd Mat Sub Turns Passed 3968 | 183 1053 2732 Spaces Moved 2143 | 90 497 1556 Core 186 | 9 . 177 Treads 1957 | 81 497 1379 Legs . | . . . Wheels . | . . . Hover . | . . . Flight . | . . . Fastest Speed 50 | 50 160 50 Average Speed 150 | 149 160 147 Slowest Speed 260 | 160 160 260 Overloaded Moves . | . . . Propulsion Burnouts . | . . . Robots Hopped . | . . . Cave-ins Triggered . | . . . Exploration Rate (%) 52 | 4 87 67 Regions Visited 2 Branch Regions 1 Pre-discovered Areas 1 | . 1 . Known Exits Taken . | . . . Unknown Exits Taken 2 | 1 1 . Scrap Searched 10 | . . 10 Spaces Dug 3 | . . 3 Terrain Destroyed 33 | . 3 30 Melee . | . . . Projectile 19 | . . 19 AOE 14 | . 3 11 Terrain Rammed . | . . . Walls Destroyed . | . . . Machines Disabled . | . . . Actions | -11 -10 -10 --------- Run | Yrd Mat Sub Total 2678 | 115 708 1855 Wait 339 | . 165 174 Move 2141 | 89 496 1556 Hop . | . . . Pick Up 20 | 8 5 7 Fast Attach 12 | 7 3 2 Attach 6 | . . 6 Detach 1 | . . 1 Swap 16 | 1 5 10 Drop 27 | . 8 19 Fire 116 | 10 26 80 Melee . | . . . Ram . | . . . Kick . | . . . Crush . | . . . Escape Stasis . | . . . Rewire . | . . . Trap . | . . . Miscellaneous . | . . . Route ------- -11/Scrapyard -10/Materials (discovered 6 exits: [*Mat x3] / [*Min x2] / *Sub) -10/Subcaves (discovered 2 exits: *Mat x2) History --------- Turn | Location | Event 3 | -11/Scrapyard | Discovered new exit (range 15) 184 | -11/Scrapyard | Entered Materials 317 | -10/Materials | Build established: Mutant 367 | -10/Materials | Discovered new exit (range 16) 498 | -10/Materials | Discovered new exit (range 10) 719 | -10/Materials | Repaired Lgt. Treads 726 | -10/Materials | Discovered new exit (range 12) 924 | -10/Materials | Discovered new exit (range 13) 1161 | -10/Materials | Discovered new exit (range 7) 1216 | -10/Materials | Discovered new exit (range 14) 1237 | -10/Materials | Entered Subcaves 1237 | -10/Subcaves | Accompanied by 1 ally 1415 | -10/Subcaves | Build established: Scavenger-Mutant 1766 | -10/Subcaves | Visited 4L-MR0's lab 1794 | -10/Subcaves | Found Arachnoskeleton 1974 | -10/Subcaves | Shifting Twisted Machinery released Battle Cannon 1987 | -10/Subcaves | Shifting Twisted Machinery released Mak. Kinetic Plating 2054 | -10/Subcaves | Build established: Mutant 2494 | -10/Subcaves | Disturbed a concealed Subdweller 2500 | -10/Subcaves | Build established: Derelict-Mutant 2501 | -10/Subcaves | Core integrity fell below 50% 2585 | -10/Subcaves | Discovered new exit (range 15) 2806 | -10/Subcaves | Shifting Twisted Machinery released Mak. Light Armor Plating 2810 | -10/Subcaves | Shifting Twisted Machinery released Flamer 2865 | -10/Subcaves | A swath of the cavern ceiling suddenly collapsed 2994 | -10/Subcaves | Learned Materials security intel 3241 | -10/Subcaves | Disturbed a concealed Subdweller 3678 | -10/Subcaves | Identified exit to Materials 3812 | -10/Subcaves | Core integrity fell below 20% 3883 | -10/Subcaves | Lost 6 parts (1p2n3w) 3969 | -10/Subcaves | Destroyed by I9-ZJ3(R) with Subdweller Laser Last Messages --------------- Scrap Shield. 03827_ DA-VWC(R) destroyed. 03829_ Acquired 7 matter. 03835_ Acquired 3 matter. 03840_ Acquired 15 matter. 03843_ Ion Engine destroyed. 03850_ Slug Cannon destroyed. 03852_ Spk. Treads destroyed. 03858_ SU-YJM(R) destroyed. 03861_ Dropped Med. Storage Unit. 03862_ Dropped Mak. Light Armor Plating. 03864_ Dropped Seismic Detector. 03867_ Acquired 4 matter. 03870_ Acquired 2 matter. 03920_ Acquired 33 matter. 03921_ Acquired 40 matter. 6I-SDA(R) emerges from concealment. 03962_ G-34 Mercenary destroyed. 03967_ Aluminum Leg fries itself beyond repair. 03969_ Acquired 31 matter. Map ----- +----------------------------------------------------+ | #?# #### ###" " #####??? | | # ### #??# ##?#" #### #### ##?? | | # ## ##??# ####??#""""""###?# # ##? | | ##???## ##?????##"""###???# ## | | ##?????###???????#"###??#??## | | ###### ##????????????????###????????## # """ | | ##????####?????????????????????????????##### "### | | ???????????????????????????????????????????##!"### | | ????????????????????????????????????????????# " # | | ??????????????????????????????????????????### "" | | ??????????????????????????????#???????????#" "" | | ??????????????????????????????????????????# " | | ??????????????????????????????????????????## | | ???????????????????????????????????????????## # | | ???????????????????????????????????????????## # | | ???????????????????????????????????????????# " | | ???????????????????????????????????????##### ""| | | ???????????????????????????????????????# !&& " # | | ???????????????????????????????????????# && # | | ?????????????????????????????###???????# ! | | ?????????????????????????##### #???????# | | ?????????????????????##### ##?###### | | ?????????????????????# ## ### # ## ## | | ?###?????????????????## # ##R ## #? | | ##"##????????????????## !%= R """"" #? | | %[*"##???????????????# [@ ## " " #? | | #"%[%#??????????????## # # ######## =" #? | | ####=#??????????????# ##### #?????# "= #? | | # &["#??????????????# ##??# ###??## ##? | | ## ###??????????????## #??#### ##?# ## ###?? | | " "##??####?????????# #?????## #?## ####???? | | #### #####?????# ##?????## ##?# ##??####? | | # """ ##????## ##?????####??## #?##""## | | """# ######## ##??????????## #?# "#"" | | ## #""# # # #??????????# #####"#"# | | ####### "#"" ###??????????# ###"#" | | # ##?????# """ " " #????????????# #"### | | ####?????## """ # ###????????????### # #"## | | ????????##"#" ###????????????????## ""#" | | ????????#"" ###?????????????????# "#" | | ????????# # "###???????????????## ## "## | | ????????## """ " " #???????????##???##### #" | | ?????????## """ """" ##?????????? ##?????## # | | ??????????# """"""" ##??####??? #????## | | ??????????#"""""" # #?? ##?# #?????# # | | ??????????# """""" # ##?? ## ??????# # | | ??????????###" "## #??# ????????## ### | | ????????????######## & #?## ??????????###?# | | ?????????????###?#### #?# ???????????????## | | ????????????## ### &&!### #????????????????# | +----------------------------------------------------+ Best States ------------- Heat Dissipation 25 Energy Generation 10 Energy Capacity 250 Matter Stores 300 Matter Capacity 300 Sight Range 16 Terrain Scan Range 16 Terrain Scan Density 10 Armor Coverage 100 Evasion (%) 50 Recoil Reduction 2 Item Schematics ----------------- None Robot Schematics ------------------ None Fabricated ------------ Nothing Alien Tech Used ----------------- None Achievements -------------- None Challenges ------------ None Game ------ Seed EfficiencyScatterAutocannon Manual? 0 Play Time 00:26:30 Cumulative 372.9 hours Start 2024.03.11 @ 12:54:07 End 2024.03.11 @ 13:19:24 Sessions 1 Manual Loads 0 Difficulty Rogue Special Mode None Game No. 242 Rogue 219 Adventurer 6 Explorer 17 Win Type - Total 29 Types 21/0/4/1/0/1/1/1/0 Lore% 91 Gallery% 94 Achievement% 79 Wizard Run 0 Options --------- Layout 1 ASCII 0 Keyboard 0 Movement Numpad Keybinds 0 Fullscreen 1 Font 16/TamsynBold Map View 55x38 Zoom Use 0% Tactical HUD 1 Map Filters NONE Filters NONE Steam 1 RUN: 6bfa2377-b256-44b9-ba5b-b6e7698b04f7